[ AOE2 MATCH · #504576552 ]
UnrankedSicilians vs Burmese
Player's team · WIN
Rival team · LOSS
[ REPLAY ANALYSIS · EXTRACTED FROM THE RECORDED GAME ]
Feudal
9:53
Castle
28:43
Imperial
—
| APM avg | 44.3 |
| APM peak | 76 |
| eAPM avg | 24.0 |
| Villagers / military | 117 / 110 |
Focus
⚔️ 30.8% · 🌾 69.2%
Skirmisher ×47 · Knight ×21 · Serjeant ×20 · Scout Cavalry ×16 · Archer ×4 · Cavalry Archer ×2
Feudal
9:51
Castle
25:32
Imperial
44:10
| APM avg | 75.5 |
| APM peak | 114 |
| eAPM avg | 25.3 |
| Villagers / military | 104 / 64 |
Focus
⚔️ 37.5% · 🌾 62.5%
Arambai ×34 · Skirmisher ×16 · Monk ×8 · Militia ×6
Match map
Initial resources + every placement click. Lines = walls · curves = elevation contours. ◆ gold · ⬟ stone · ● berries · ✦ relic · ◌ wall gap
Your base· Open — 3t gap
chael's base· Open — unwalled flank
Smoothed initial terrain · ◌ = detected wall gap · hover for details
Inputs per minute
— mambaplayerS3 - - chael
Build order — mambaplayerS3
First 150 of 419 actions detected
| 0:02 | Queue | Villager (Male) |
| 0:02 | Queue | Villager (Male) |
| 0:03 | Build | House |
| 0:05 | Build | House |
| 0:06 | Queue | Villager (Male) |
| 0:22 | Queue | Villager (Male) |
| 1:25 | Queue | Villager (Male) |
| 1:58 | Queue | Villager (Male) |
| 2:19 | Queue | Villager (Male) |
| 2:51 | Queue | Villager (Male) |
| 2:53 | Research | Loom |
| 3:08 | Queue | Villager (Male) |
| 3:10 | Build | House |
| 3:23 | Build | Lumber Camp |
| 3:32 | Queue | Villager (Male) |
| 3:46 | Queue | Villager (Male) |
| 4:10 | Queue | Villager (Male) |
| 4:34 | Queue | Villager (Male) |
| 4:37 | Build | Mill |
| 5:06 | Queue | Villager (Male) |
| 5:28 | Queue | Villager (Male) |
| 5:50 | Queue | Villager (Male) |
| 5:54 | Build | House |
| 6:02 | Queue | Villager (Male) |
| 6:15 | Build | House |
| 6:36 | Queue | Villager (Male) |
| 6:42 | Queue | Villager (Male) |
| 7:43 | Research | Feudal Age |
| 8:23 | Queue | Villager (Male) |
| 9:41 | Build | Donjon |
| 9:53 | Age | Feudal Age |
| 9:54 | Build | Farm |
| 9:55 | Build | Farm |
| 9:55 | Build | Farm |
| 9:56 | Research | Double-Bit Axe |
| 10:04 | Queue | Villager (Male) |
| 10:12 | Build | House |
| 10:16 | Build | Mining Camp |
| 10:30 | Queue | Serjeant |
| 10:30 | Queue | Serjeant |
| 10:35 | Queue | Villager (Male) |
| 10:51 | Queue | Villager (Male) |
| 11:13 | Queue | Villager (Male) |
| 11:17 | Build | Mining Camp |
| 11:23 | Queue | Villager (Male) |
| 11:50 | Build | Donjon |
| 12:01 | Build | Farm |
| 12:04 | Build | Palisade Wall |
| 12:05 | Build | Palisade Wall |
| 12:15 | Queue | Villager (Male) |
| 12:18 | Build | Farm |
| 12:29 | Build | Farm |
| 12:37 | Queue | Villager (Male) |
| 12:54 | Build | Farm |
| 13:07 | Queue | Villager (Male) |
| 13:11 | Build | House |
| 13:21 | Build | Farm |
| 13:22 | Build | Farm |
| 13:26 | Build | Farm |
| 13:35 | Queue | Villager (Male) |
| 13:49 | Queue | Villager (Male) |
| 13:54 | Build | House |
| 13:56 | Build | Farm |
| 14:31 | Queue | Serjeant |
| 14:32 | Queue | Serjeant |
| 14:38 | Queue | Villager (Male) |
| 14:40 | Build | Farm |
| 14:44 | Build | Mill |
| 14:52 | Build | Donjon |
| 15:04 | Queue | Villager (Male) |
| 15:06 | Build | Farm |
| 15:22 | Queue | Villager (Male) |
| 15:44 | Queue | Villager (Male) |
| 15:57 | Queue | Serjeant |
| 16:10 | Queue | Villager (Male) |
| 16:13 | Queue | Villager (Male) |
| 16:23 | Build | Farm |
| 16:25 | Build | Farm |
| 16:33 | Build | Archery Range |
| 16:42 | Queue | Serjeant |
| 16:45 | Queue | Villager (Male) |
| 16:51 | Build | Donjon |
| 17:04 | Queue | Serjeant |
| 17:05 | Queue | Skirmisher |
| 17:05 | Queue | Skirmisher |
| 17:08 | Queue | Archer |
| 17:08 | Queue | Villager (Male) |
| 17:13 | Queue | Archer |
| 17:15 | Build | House |
| 17:35 | Queue | Villager (Male) |
| 18:12 | Queue | Villager (Male) |
| 18:23 | Queue | Villager (Male) |
| 18:28 | Queue | Archer |
| 18:36 | Build | House |
| 18:37 | Build | Palisade Wall |
| 18:46 | Queue | Serjeant |
| 18:47 | Queue | Serjeant |
| 19:01 | Build | Lumber Camp |
| 19:07 | Queue | Serjeant |
| 19:23 | Queue | Villager (Male) |
| 19:29 | Build | Palisade Wall |
| 19:31 | Build | Palisade Wall |
| 19:38 | Queue | Serjeant |
| 19:38 | Queue | Serjeant |
| 19:47 | Queue | Villager (Male) |
| 19:50 | Build | Farm |
| 19:50 | Build | Farm |
| 19:54 | Queue | Archer |
| 20:00 | Queue | Villager (Male) |
| 20:06 | Build | Farm |
| 20:19 | Queue | Skirmisher |
| 20:27 | Queue | Serjeant |
| 20:35 | Queue | Serjeant |
| 20:46 | Build | Market |
| 20:53 | Build | Market |
| 20:54 | Queue | Villager (Male) |
| 21:03 | Queue | Villager (Male) |
| 21:08 | Build | House |
| 21:16 | Build | House |
| 21:17 | Build | House |
| 21:27 | Build | Blacksmith |
| 21:31 | Build | House |
| 21:40 | Queue | Villager (Male) |
| 22:01 | Build | Donjon |
| 22:02 | Queue | Villager (Male) |
| 22:08 | Build | Lumber Camp |
| 22:15 | Build | Farm |
| 22:16 | Queue | Villager (Male) |
| 22:22 | Research | Scale Mail Armor |
| 22:41 | Research | Wheelbarrow |
| 22:52 | Queue | Serjeant |
| 23:02 | Build | House |
| 23:04 | Queue | Villager (Male) |
| 23:08 | Build | Lumber Camp |
| 23:17 | Queue | Serjeant |
| 23:20 | Research | Forging |
| 23:34 | Build | House |
| 23:56 | Queue | Villager (Male) |
| 24:10 | Build | House |
| 24:15 | Build | Farm |
| 24:15 | Build | Farm |
| 24:16 | Build | Farm |
| 24:16 | Build | Farm |
| 24:23 | Build | Farm |
| 24:29 | Queue | Serjeant |
| 24:30 | Queue | Serjeant |
| 24:42 | Queue | Serjeant |
| 24:43 | Queue | Serjeant |
| 24:58 | Queue | Villager (Male) |
| 25:03 | Build | Farm |
Build order — chael
First 150 of 265 actions detected
| 0:00 | Queue | Villager (Male) |
| 0:01 | Queue | Villager (Male) |
| 0:01 | Queue | Villager (Male) |
| 0:01 | Queue | Villager (Male) |
| 0:02 | Build | House |
| 0:03 | Build | House |
| 1:24 | Queue | Villager (Male) |
| 2:03 | Queue | Villager (Male) |
| 2:23 | Build | Lumber Camp |
| 2:27 | Queue | Villager (Male) |
| 2:57 | Queue | Villager (Male) |
| 3:18 | Queue | Villager (Male) |
| 3:18 | Queue | Villager (Male) |
| 3:48 | Queue | Villager (Male) |
| 3:59 | Build | House |
| 4:07 | Queue | Villager (Male) |
| 4:07 | Queue | Villager (Male) |
| 4:38 | Queue | Villager (Male) |
| 4:42 | Queue | Villager (Male) |
| 5:01 | Queue | Villager (Male) |
| 5:46 | Build | Barracks |
| 5:53 | Build | Barracks |
| 5:58 | Queue | Villager (Male) |
| 6:01 | Queue | Villager (Male) |
| 6:02 | Queue | Villager (Male) |
| 6:02 | Queue | Villager (Male) |
| 6:02 | Queue | Villager (Male) |
| 6:13 | Build | House |
| 6:42 | Research | Loom |
| 7:41 | Research | Feudal Age |
| 7:43 | Queue | Militia |
| 8:08 | Queue | Militia |
| 8:16 | Build | Mining Camp |
| 9:16 | Queue | Militia |
| 9:23 | Build | House |
| 9:24 | Build | Palisade Wall |
| 9:30 | Build | Palisade Wall |
| 9:37 | Queue | Villager (Male) |
| 9:49 | Queue | Militia |
| 9:51 | Age | Feudal Age |
| 9:56 | Queue | Villager (Male) |
| 10:01 | Build | Archery Range |
| 10:10 | Queue | Villager (Male) |
| 10:14 | Queue | Militia |
| 10:14 | Queue | Militia |
| 10:34 | Build | Watch Tower |
| 10:41 | Queue | Villager (Male) |
| 10:57 | Build | Mill |
| 11:01 | Build | House |
| 11:07 | Build | Palisade Wall |
| 11:09 | Queue | Villager (Male) |
| 11:35 | Queue | Skirmisher |
| 11:50 | Build | Farm |
| 11:51 | Build | Farm |
| 11:52 | Build | Farm |
| 12:01 | Build | Farm |
| 12:23 | Build | House |
| 12:26 | Build | Palisade Wall |
| 12:32 | Queue | Skirmisher |
| 12:32 | Queue | Skirmisher |
| 12:42 | Queue | Villager (Male) |
| 13:04 | Queue | Villager (Male) |
| 13:05 | Queue | Skirmisher |
| 13:10 | Build | Farm |
| 13:21 | Queue | Skirmisher |
| 13:29 | Build | Mining Camp |
| 13:43 | Build | Farm |
| 13:46 | Build | Farm |
| 13:53 | Queue | Skirmisher |
| 14:01 | Queue | Villager (Male) |
| 14:05 | Build | House |
| 14:06 | Build | House |
| 14:18 | Queue | Villager (Male) |
| 14:37 | Queue | Skirmisher |
| 14:39 | Queue | Villager (Male) |
| 14:53 | Build | Farm |
| 15:24 | Queue | Villager (Male) |
| 15:39 | Research | Man-at-Arms (upgrade) |
| 15:39 | Research | Man-at-Arms (upgrade) |
| 16:02 | Build | Farm |
| 16:04 | Build | Farm |
| 16:13 | Build | Farm |
| 16:27 | Queue | Skirmisher |
| 16:43 | Queue | Villager (Male) |
| 17:36 | Queue | Skirmisher |
| 17:39 | Queue | Villager (Male) |
| 17:44 | Build | Farm |
| 17:51 | Build | Farm |
| 17:52 | Build | Farm |
| 17:53 | Build | Farm |
| 17:55 | Build | Farm |
| 17:58 | Queue | Skirmisher |
| 18:16 | Queue | Villager (Male) |
| 18:20 | Build | Farm |
| 18:26 | Build | House |
| 18:27 | Build | House |
| 18:29 | Queue | Villager (Male) |
| 18:29 | Queue | Villager (Male) |
| 18:48 | Queue | Villager (Male) |
| 18:58 | Queue | Skirmisher |
| 19:17 | Queue | Villager (Male) |
| 19:24 | Build | House |
| 19:39 | Queue | Villager (Male) |
| 19:46 | Queue | Skirmisher |
| 19:55 | Queue | Villager (Male) |
| 20:11 | Build | House |
| 20:36 | Queue | Villager (Male) |
| 20:40 | Build | Market |
| 20:45 | Queue | Villager (Male) |
| 20:48 | Build | Farm |
| 20:49 | Queue | Villager (Male) |
| 21:01 | Queue | Skirmisher |
| 21:05 | Queue | Villager (Male) |
| 21:09 | Build | Farm |
| 21:14 | Build | House |
| 21:15 | Build | House |
| 21:20 | Build | House |
| 21:23 | Queue | Villager (Male) |
| 21:27 | Queue | Skirmisher |
| 21:39 | Queue | Skirmisher |
| 22:08 | Build | Watch Tower |
| 22:16 | Queue | Villager (Male) |
| 22:44 | Research | Castle Age |
| 23:04 | Build | Outpost |
| 23:10 | Build | Watch Tower |
| 23:18 | Queue | Skirmisher |
| 23:35 | Build | House |
| 23:37 | Build | Palisade Wall |
| 23:42 | Build | House |
| 23:45 | Build | Palisade Wall |
| 23:49 | Build | House |
| 24:10 | Build | House |
| 24:45 | Queue | Villager (Male) |
| 24:50 | Queue | Villager (Male) |
| 25:19 | Queue | Villager (Male) |
| 25:31 | Build | House |
| 25:32 | Age | Castle Age |
| 25:44 | Queue | Villager (Male) |
| 25:44 | Queue | Villager (Male) |
| 25:55 | Queue | Villager (Male) |
| 26:10 | Build | Castle |
| 26:15 | Queue | Villager (Male) |
| 26:18 | Build | House |
| 26:20 | Build | Palisade Wall |
| 26:22 | Build | House |
| 26:31 | Queue | Villager (Male) |
| 26:47 | Build | Palisade Wall |
| 27:26 | Queue | Villager (Male) |
| 27:27 | Queue | Arambai |
| 27:28 | Queue | Arambai |
Match timeline
| 5:46 | chael · first_building Barracks |
| 9:24 | chael · wall_segment Palisade Wall x1 |
| 9:30 | chael · wall_segment Palisade Wall x12 |
| 9:41 | mambaplayerS3 · first_building Donjon |
| 9:51 | chael · age_up feudal |
| 9:53 | mambaplayerS3 · age_up feudal |
| 10:01 | chael · first_building Archery Range |
| 11:07 | chael · wall_segment Palisade Wall x1 |
| 12:04 | mambaplayerS3 · wall_segment Palisade Wall x3 |
| 12:05 | mambaplayerS3 · wall_segment Palisade Wall x10 |
| 12:26 | chael · wall_segment Palisade Wall x1 |
| 16:33 | mambaplayerS3 · first_building Archery Range |
| 18:37 | mambaplayerS3 · wall_segment Palisade Wall x3 |
| 19:29 | mambaplayerS3 · wall_segment Palisade Wall x1 |
| 19:31 | mambaplayerS3 · wall_segment Palisade Wall x1 |
| 22:27 | chael · first_market_sell 100 wood |
| 22:29 | chael · first_market_buy 100 food |
| 23:12 | mambaplayerS3 · first_market_buy 100 food |
| 23:37 | chael · wall_segment Palisade Wall x1 |
| 23:45 | chael · wall_segment Palisade Wall x1 |
| 24:36 | mambaplayerS3 · first_market_sell 100 stone |
| 25:32 | chael · age_up castle |
| 26:10 | chael · first_building Castle |
| 26:20 | chael · wall_segment Palisade Wall x1 |
| 26:31 | mambaplayerS3 · first_building Stable |
| 26:47 | chael · wall_segment Palisade Wall x1 |
| 27:43 | chael · wall_segment Palisade Wall x4 |
| 27:44 | chael · wall_segment Palisade Wall x4 |
| 28:43 | mambaplayerS3 · age_up castle |
| 29:29 | mambaplayerS3 · wall_segment Palisade Wall x4 |
| 31:09 | chael · first_building Monastery |
| 38:01 | mambaplayerS3 · first_building Monastery |
| 44:10 | chael · age_up imperial |
| 44:43 | chael · resign |
[ AI ANALYSIS · 1 CREDIT ]
What really happened in this match?
Wolo.gg analyzes every decision: build order, eco, micro, common mistakes by bracket. Personalized analysis on WhatsApp or Discord in 30 seconds.
Civ guide
Sicilians
Perfil
mambaplayerS3